 Dungeon Crawl Stone Soup version 0.28-a0-991-g956f0ee3d5 (webtiles) character file.

Game seed: 8548614027535393344

51 BinkBink the Skirmisher (level 3, -10/23 HPs)
             Began as a Gargoyle Monk on Dec 5, 2021.
             Was a Priest of Vehumet.
             Hit by a javelin thrown by a gnoll (12 damage)
             ... on level 2 of the Dungeon.
             The game lasted 00:05:33 (2115 turns).

BinkBink the Skirmisher (Gargoyle Monk)             Turns: 2115, Time: 00:05:34

Health: -10/23     AC:  6    Str: 14    XL:     3   Next: 83%
Magic:  3/3        EV: 12    Int: 10    God:    Vehumet [***...]
Gold:   38         SH:  0    Dex: 14    Spells: 2/3 levels left

rFire   . . .      SeeInvis .   a - +0 mace
rCold   . . .      Faith    .   (no shield)
rNeg    + . .      Spirit   .   b - +0 robe
rPois   ∞          Reflect  .   (no helmet)
rElec   +          Harm     .   (no cloak)
rCorr   .          Rampage  .   e - +0 pair of gloves
Will    .....                   (no boots)
Stlth   ++........              (no amulet)
HPRegen 0.07/turn               d - ring of wizardry
MPRegen 0.08/turn               (no ring)

@: no status effects
A: sickness immunity, AC +3, negative energy resistance 1, electricity
resistance, torment resistance 1, petrification resistance
a: Renounce Religion


You were on level 2 of the Dungeon.
You worshipped Vehumet.
Vehumet was most pleased with you.
You visited 1 branch of the dungeon, and saw 2 of its levels.

You collected 38 gold pieces.

Inventory:

Hand Weapons
 a - a +0 mace (weapon)
Missiles
 g - 56 stones
Armour
 b - a +0 robe (worn)
 e - a +0 pair of gloves (worn)
Jewellery
 d - a ring of wizardry (left hand)
 f - a ring of protection from cold


   Skills:
 + Level 3.6 Fighting
 + Level 3.5 Maces & Flails
 * Level 1.1 Armour
 + Level 2.7 Dodging
 - Level 2.1 Stealth
 * Level 0.5 Spellcasting
 * Level 1.0 Earth Magic


You had 2 spell levels left.
You knew the following spells:

 Your Spells              Type           Power      Damage    Failure   Level
a - Sandblast             Erth           4%         2d4       3%          1

Your spell library contained the following spells:

 Spells                   Type           Power      Damage    Failure   Level
 Static Discharge         Conj/Air       0%         N/A       7%          2


Dungeon Overview and Level Annotations

Branches:
Dungeon (2/15)

Altars:
Vehumet


Innate Abilities, Weirdness & Mutations

You are immune to sickness and miasma.
Your stone body is resilient. (AC +3)
You are immune to poison.
You resist negative energy. (rN+)
You are resistant to electric shocks. (rElec)
You are resistant to unholy torment.
You are immune to petrification.


Message History

The hobgoblin barely misses you.
You hit the hobgoblin.
You kill the hobgoblin!
Vehumet accepts your kill.
Your Earth Magic skill increases to level 1!
No target in view!
You see here a hobgoblin corpse.
Found an escape hatch in the floor.
A worm comes into view.
Found 21 stones.
The worm closely misses you.
There is an escape hatch in the floor here.
You hit the worm but do no damage. The worm bites you.
You hit the worm.
The worm is lightly wounded.
You hit the worm.
The worm is heavily wounded.
The worm barely misses you.
You barely miss the worm.
The worm is moderately wounded.
The worm closely misses you.
You hit the worm.
The worm is heavily wounded.
The worm misses you.
The gnoll shouts!
You hit the worm.
The worm is heavily wounded.
You hit the worm.
The worm is severely wounded.
The worm misses you.
The gnoll throws a javelin.
The javelin pierces through you!
You hit the worm but do no damage.
The worm is severely wounded.
The worm bites you.
You are too injured to fight recklessly!
You are too injured to fight recklessly!
The gnoll throws a javelin.
The javelin pierces through you!
* * * LOW HITPOINT WARNING * * *
The gnoll throws a javelin.
The javelin pierces through you!
Ouch! That really hurt!
You die...

................
...............
.............. ####..#
......... ...... #........
#..###>......#
#....w.##.......##..
###..###g.#..###...#.. ##.
.##....@.......# ......
.........#####..##..###......
#...###..#.....###......g....
#.........###...............
#.......#..............K.....
#..#.........................
............†...##..###......
.......<........#....##......
.##...................###.#..


You could see a gnoll.

Vanquished Creatures
  A gnoll (D:1)
  2 dart slugs (D:1)
  2 bats (D:1)
  5 endoplasms
  A giant cockroach (D:1)
  2 goblins (D:1)
  5 hobgoblins
  2 jackals (D:1)
  2 kobolds (D:1)
  2 quokkas (D:1)
  A ball python (D:1)
  5 frilled lizards (D:1)
  3 rats (D:1)
33 creatures vanquished.

Notes
Turn   | Place    | Note
-------+----------+-------------------------------------------
     0 | D:1      | BinkBink the Gargoyle Monk began the quest for the Orb.
     0 | D:1      | Reached XP level 1. HP: 14/14 MP: 1/1
   131 | D:1      | Reached XP level 2. HP: 16/19 MP: 2/2
   180 | D:1      | Found a faded altar of an unknown god.
   214 | D:1      | Prayed at the altar of an unknown god.
   214 | D:1      | Became a worshipper of Vehumet
   214 | D:1      | Reached * piety under Vehumet
   214 | D:1      | Offered knowledge of Sandblast by Vehumet.
   214 | D:1      | Reached ** piety under Vehumet
   217 | D:1      | Learned a level 1 spell: Sandblast
   262 | D:1      | Offered knowledge of Searing Ray by Vehumet.
   396 | D:1      | Reached *** piety under Vehumet
   396 | D:1      | Offered knowledge of Static Discharge by Vehumet.
   714 | D:1      | Reached XP level 3. HP: 23/23 MP: 3/3
   733 | D:1      | Reached skill level 1 in Armour
  1382 | D:1      | HP: 1/23 [gnoll (3)]
  2093 | D:2      | Reached skill level 1 in Earth Magic
  2115 | D:2      | Hit by a javelin thrown by a gnoll

Illustrated notes

Levels and vault maps discovered:
D:1:      lightli_arrival_lavapool, layout_basic,
          ebering_ecumenical_altar_abandoned, serial_rivers,
          chequers_serial_rivers_micro_c, chequers_serial_rivers_small_3,
          chequers_serial_rivers_large_a, chequers_serial_rivers_small_3,
          chequers_serial_rivers_marsh
D:2:      layout_rooms

Skill      XL: |  1  2  3 |
---------------+----------+-----
Armour         | 1 |  1.1
Earth Magic    | 1 |  1.0
Fighting       | |  3.6
Maces & Flails | |  3.5
Dodging        | |  2.7
Stealth        | |  2.1
Spellcasting   | |  0.5

Action                   || total
-------------------------++-------
Melee: Mace              ||   127
 Cast: Sandblast         ||     3
  Use: Potion            ||     1
 Stab: Sleeping          ||    10
Armor: Robe              ||    32
Dodge: Dodged            ||    87

Table legend: (Time is in decaauts)
 A = Elapsed time spent in this place.
 B = Non-inter-level travel time spent in this place.
 C = Inter-level travel time spent in this place.
 D = Time resting spent in this place.
 E = Time spent auto-exploring this place.
 F = Levels seen in this place.
 G = Mean time per level.
                   A        B        C        D        E       F      G
               +--------+--------+--------+--------+--------+-----+--------+
         Total |   2148 |   2043 |    105 |      0 |   1528 |   2 | 1074.0 |
       Dungeon |   2148 |   2043 |    105 |      0 |   1528 |   2 | 1074.0 |
               +--------+--------+--------+--------+--------+-----+--------+

Top non-repeatable levels by time:
     D:1: 1962 daAuts
     D:2: 186 daAuts
